 Dungeon Crawl Stone Soup version 0.29-a0-334-gb41bcbb86e (webtiles) character file.

Game seed: 2944377097831091707

375 brightshaft the Cutter (level 7, 0/41 HPs)
             Began as a Kobold Berserker on Apr 14, 2022.
             Was a Believer of Trog.
             Slain by an orc wizard
             ... wielding a +0 dagger
              (1 damage)
             ... on level 4 of the Dungeon.
             The game lasted 00:05:24 (4098 turns).

brightshaft the Cutter (Kobold Berserker)           Turns: 4098, Time: 00:05:25

Health: 0/41       AC:  5    Str: 14    XL:     7   Next: 3%
Magic:  7/7        EV: 14    Int:  8    God:    Trog [**....]
Gold:   168        SH:  0    Dex: 17    Spells: 6/6 levels left

rFire   . . .      SeeInvis .   a - +0 short sword
rCold   . . .      Faith    .   (no shield)
rNeg    . . .      Spirit   .   l - +0 leather armour
rPois   .          Reflect  .   t - +1 helmet
rElec   .          Harm     .   e - scarf {shadows}
rCorr   .          Rampage  .   (no gloves)
Will    ++...                   (no boots)
Stlth   ++++......              o - amulet of the acrobat
HPRegen 1.13/turn               (no ring)
MPRegen 0.10/turn               (no ring)

@: lethally poisoned (0 -> -9), strong-willed (expiring), regenerating
(expiring)
A: small, no large weapons, nightstalker 3
a: Renounce Religion, Berserk, Trog's Hand


You were on level 4 of the Dungeon.
You worshipped Trog.
Trog was pleased with you.
You visited 1 branch of the dungeon, and saw 4 of its levels.

You collected 168 gold pieces.

Inventory:

Hand Weapons
 a - a +0 short sword (weapon)
Missiles
 n - 2 throwing nets (quivered)
Armour
 b - a +0 animal skin
 c - a +0 plate armour
 e - a scarf of shadows (worn)
 h - a scarf of resistance
 l - a +0 leather armour (worn)
 q - a +0 scale mail
 r - a +0 chain mail
 t - a +1 helmet (worn)
Jewellery
 m - an amulet of faith
 o - an amulet of the acrobat (around neck)
Wands
 A - a wand of flame (23) {@v2}
Scrolls
 f - 2 scrolls of silence {unknown}
 g - 3 scrolls of identify {unknown}
 i - a scroll of blinking {unknown}
 j - 2 scrolls of noise {unknown}
 k - a scroll of brand weapon {unknown}
 p - a scroll of enchant armour {unknown}
 u - a scroll of summoning {unknown}
 x - a scroll of amnesia {unknown}
 y - a scroll of vulnerability {unknown}
Potions
 d - a potion of might
 s - 2 potions of magic {unknown}
 v - a potion of attraction {unknown}
 w - a potion of brilliance {unknown}
 z - a potion of flight {unknown}


   Skills:
 - Level 3.2 Fighting
 + Level 7.3 Short Blades
 - Level 1.5 Armour
 - Level 2.4 Dodging
 + Level 6.5 Stealth


You had 6 spell levels left.
You didn't know any spells.
Your spell library was empty.

Dungeon Overview and Level Annotations

Branches:
Dungeon (4/15)
 Temple: D:4-7

Altars:
Ashenzari
Fedhas


Innate Abilities, Weirdness & Mutations

You are small and have problems with some larger weapons.
You are completely attuned to the shadows.


Message History

You hit the orc wizard but do no damage.
The orc wizard is moderately wounded.
The orc wizard hits you with a +2 dagger of venom.
You are more poisoned.
The endoplasm hits you. The orc completely misses you.
The orc wizard misses you.
You hit the orc wizard.
The orc wizard is moderately wounded.
You feel sick.
You hit the orc wizard but do no damage.
The orc wizard is moderately wounded.
You feel sick.
The orc wizard hits you with a +2 dagger of venom.
* * * LOW HITPOINT WARNING * * *
You are more poisoned.
The endoplasm freezes you.
You are frozen.
* * * LOW HITPOINT WARNING * * *
The orc hits you with a +0 club.
* * * LOW HITPOINT WARNING * * *
The orc wizard closely misses you.
You hit the orc wizard.
The orc wizard is heavily wounded.
* * * LOW HITPOINT WARNING * * *
You feel sick.
The orc wizard hits you but does no damage.
The endoplasm closely misses you. The orc completely misses you.
The orc wizard closely misses you.
You hit the orc wizard.
The orc wizard is severely wounded.
You feel the effects of Trog's Hand fading.
* * * LOW HITPOINT WARNING * * *
You feel sick.
The orc wizard hits you but does no damage.
You are more poisoned.
The endoplasm freezes you.
You are frozen.
* * * LOW HITPOINT WARNING * * *
The orc wizard hits you with a +0 dagger.
You die...

#..........
#.....<...# ..
##........##
.##.###.........#.
#......##....###...
....................
.....!.###.......###
.....).# .......## #
..J@.............# #
.#ooo...........## #
#...... ........#..
#..... ...........
...........
...........
.............
#.###........ ..
#.#..........


You could see 2 orc wizards, an orc and an endoplasm.

Vanquished Creatures
  An ogre (D:4)
  2 scorpions (D:4)
  A hound (D:4)
  An iguana (D:4)
  An orc wizard (D:3)
  2 adders (D:2)
  2 worms
  3 dart slugs
  3 orcs
  7 endoplasms
  9 goblins
  4 hobgoblins
  4 jackals (D:3)
  2 quokkas
  6 ball pythons
  4 bats
  2 frilled lizards (D:1)
  3 kobolds
  3 rats
60 creatures vanquished.

Notes
Turn   | Place    | Note
-------+----------+-------------------------------------------
     0 | D:1      | brightshaft the Kobold Berserker began the quest for the
                  | Orb.
     0 | D:1      | Reached XP level 1. HP: 14/14 MP: 1/1
    13 | D:1      | Found a faded altar of an unknown god.
   121 | D:1      | Reached skill level 1 in Stealth
   273 | D:1      | Reached XP level 2. HP: 19/19 MP: 2/2
  1241 | D:1      | Reached XP level 3. HP: 23/23 MP: 3/3
  1657 | D:2      | Reached skill level 5 in Short Blades
  1915 | D:2      | Found a broken altar of Ashenzari.
  1927 | D:2      | Reached ** piety under Trog
  1928 | D:2      | Reached XP level 4. HP: 28/28 MP: 4/4
  2527 | D:3      | You fall into a shaft and drop 1 floor!
  2527 | D:4      | Noticed a scorpion
  2531 | D:4      | Killed a scorpion
  2532 | D:4      | Reached XP level 5. HP: 32/32 MP: 5/5
  2679 | D:4      | Reached skill level 6 in Short Blades
  2679 | D:4      | Reached skill level 5 in Stealth
  2971 | D:3      | Reached XP level 6. HP: 33/37 MP: 6/6
  3520 | D:3      | Found a blossoming altar of Fedhas.
  3989 | D:4      | Reached skill level 7 in Short Blades
  4050 | D:4      | Noticed an ogre
  4053 | D:4      | Killed an ogre
  4054 | D:4      | Reached XP level 7. HP: 41/41 MP: 7/7
  4098 | D:4      | HP: 2/41 [poisoned by an orc wizard]
  4098 | D:4      | Slain by an orc wizard

Illustrated notes

Levels and vault maps discovered:
D:1:      minmay_arrival_diagonal_passages, layout_basic,
          ebering_ecumenical_altar_abandoned, minmay_statues_item,
          kennysheep_decorative_pillar
D:2:      layout_rooms, basic_altar, grunt_decor_mini_mirrors,
          minmay_misc_feat_cross, roderic_lattice_a
D:3:      layout_loops_ring, fedhas_altar_4
D:4:      layout_cave_pools

Skill      XL: |  1  2  3  4  5  6 |
---------------+-------------------+-----
Stealth        | 1 2 3 4 5 6 |  6.5
Short Blades   | 5 6 7 |  7.3
Fighting       | |  3.2
Armour         | |  1.5
Dodging        | |  2.4

Action                   |  1- 3 |  4- 6 |  7- 9 || total
-------------------------+-------+-------+-------++-------
Melee: Short sword       |    94 |   109 |    12 ||   215
       Punch             |     1 |       |       ||     1
Invok: Berserk           |       |     1 |       ||     1
       Trog's Hand       |       |       |     1 ||     1
 Stab: Sleeping          |    16 |    11 |     1 ||    28
Armor: Animal skin       |     4 |       |       ||     4
       Scale mail        |     7 |    22 |       ||    29
       Leather armour    |     1 |     2 |     5 ||     8
Dodge: Dodged            |    40 |    69 |    17 ||   126

Table legend: (Time is in decaauts)
 A = Elapsed time spent in this place.
 B = Non-inter-level travel time spent in this place.
 C = Inter-level travel time spent in this place.
 D = Time resting spent in this place.
 E = Time spent auto-exploring this place.
 F = Levels seen in this place.
 G = Mean time per level.
                   A        B        C        D        E       F      G
               +--------+--------+--------+--------+--------+-----+--------+
         Total |   4068 |   3933 |    135 |    145 |   3301 |   4 | 1017.0 |
       Dungeon |   4068 |   3933 |    135 |    145 |   3301 |   4 | 1017.0 |
               +--------+--------+--------+--------+--------+-----+--------+

Top non-repeatable levels by time:
     D:1: 1264 daAuts
     D:3: 1136 daAuts
     D:2: 1061 daAuts
     D:4: 606 daAuts
